Map: [ESL] Inside and Out

Players

Strange

  • Race: Protoss Protoss
  • Spawn Location: 1:00

PtitDrogo - Winner!

  • Race: Protoss Protoss
  • Spawn Location: 7:00

Event: DreamHack SC2 Masters 2022 Atlanta (Online)

VOD

Have the link to the VOD?

Description

Time

  • Played on: Oct. 8, 2022, 1:29 p.m.
  • Length: 15:27

All games in this series

Show
View Real Time Build Order
Export as new Build Order

Strange Protoss 

Build Orders: Phoenix Opening, Blink Stalkers 

Get SALT Encoding   

  12  0:00  Probe  
  13  0:12  Probe  
  14  0:17  Pylon  
  14  0:24  Probe (Chrono Boost)  
  16  0:36  Gateway  
  16  0:37  Probe (Chrono Boost)  
  16  0:42  Probe (Chrono Boost)  
  16  0:44  Assimilator  
  17  0:51  Probe  
  17  0:53  Assimilator  
  18  1:03  Probe (Chrono Boost)  
  19  1:06  Gateway  
  19  1:13  Probe (Chrono Boost)  
  19  1:18  Probe (Chrono Boost)  
  20  1:25  Cybernetics Core  
  21  1:29  Probe  
  22  1:33  Pylon  
  22  1:41  Probe  
  23  1:54  Probe  
  24  1:59  Warp Gate (Chrono Boost)  
  24  2:01  Stalker  
  24  2:02  Sentry  
  24  2:06  Probe  
  29  2:08  Pylon  
  29  2:18  Probe  
  30  2:30  Probe, Stalker  
  30  2:35  Phoenix, Stalker  
  35  2:39  Twilight Council  
  35  2:45  Pylon  
  35  3:08  Nexus  
  35  3:13  Pylon  
  35  3:20  Blink (Chrono Boost)  
  35  3:25  Probe  
  36  3:37  Probe  
  36  3:41  Adept x2  
  41  3:49  Probe  
  41  3:54  Pylon  
  42  4:01  Probe  
  43  4:06  Forge  
  43  4:11  Sentry  
  43  4:16  Probe (Chrono Boost)  
  46  4:20  Probe (Chrono Boost)  
  47  4:29  Probe (Chrono Boost)  
  47  4:30  Robotics Facility, Probe (Chrono Boost)  
  49  4:34  Probe (Chrono Boost)  
  49  4:37  Sentry, Probe  
  53  4:38  Shield Battery  
  53  4:43  Protoss Ground Weapons Level 1  
  53  4:46  Probe  
  53  4:49  Probe  
  55  4:54  Assimilator  
  55  4:56  Assimilator  
  55  4:58  Probe  
  56  5:01  Probe  
  57  5:08  Stalker  
  57  5:09  Stalker  
  57  5:10  Probe  
  57  5:14  Probe  
  63  5:18  Observer  
  64  5:22  Probe  
  64  5:23  Pylon  
  64  5:26  Probe  
  66  5:34  Probe  
  67  5:37  Immortal (Chrono Boost)  
  67  5:38  Probe  
  70  5:45  Resonating Glaives  
  70  5:46  Probe  
  69  5:50  Gateway x2, Pylon  
  69  5:51  Sentry x2  
  73  6:08  Pylon  
  73  6:12  Nexus  
  73  6:18  Probe x2  
  75  6:19  Robotics Bay  
  75  6:30  Probe x2  
  77  6:34  Robotics Facility  
  77  6:37  Shield Battery  
  77  6:42  Probe x2  
  77  6:46  Gateway x2  
  79  6:50  Protoss Ground Weapons Level 2 (Chrono Boost)  
  79  6:54  Probe x2  
  81  7:03  Disruptor (Chrono Boost)  
  81  7:06  Probe x2  
  81  7:07  Photon Cannon, Pylon  
  86  7:13  Shield Battery  
  86  7:16  Colossus (Chrono Boost)  
  86  7:18  Probe  
  86  7:20  Disruptor (Chrono Boost)  
  87  7:26  Stalker x2  
  87  7:28  Disruptor (Chrono Boost)  
  94  7:33  Observer  
  94  7:34  Photon Cannon  
  97  7:39  Photon Cannon  
  97  7:40  Assimilator  
  97  7:49  Disruptor, Photon Cannon  
  100  7:51  Observer  
  100  7:52  Pylon  
  100  7:56  Adept x2  
  100  7:57  Adept  
  106  8:04  Stalker  
  106  8:05  Stalker  
  110  8:08  Pylon  
  110  8:13  Stalker  
  110  8:18  Stalker  
  110  8:19  Stalker  
  116  8:20  Adept  
  118  8:30  Adept  
  118  8:31  Adept  
  122  8:39  Adept  
  120  8:44  Archon x4  
  120  8:45  Adept  
  94  8:52  Probe (Chrono Boost)  
  94  8:53  Probe (Chrono Boost)  
  94  8:54  Stalker x2  
  72  9:00  Disruptor, Observer  
  72  9:01  Disruptor  
  76  9:03  Probe (Chrono Boost)  
  76  9:04  Probe (Chrono Boost)  
  76  9:08  Probe (Chrono Boost)  
  76  9:09  Pylon  
  77  9:12  Probe (Chrono Boost)  
  77  9:16  Probe x2 (Chrono Boost)  
  80  9:23  Probe (Chrono Boost)  
  83  9:24  Probe (Chrono Boost)  
  83  9:25  Probe (Chrono Boost)  
  86  9:31  Probe (Chrono Boost)  
  86  9:33  Probe (Chrono Boost)  
  86  9:36  Probe (Chrono Boost)  
  86  9:38  Probe (Chrono Boost)  
  87  9:39  Probe (Chrono Boost)  
  87  9:42  Probe (Chrono Boost)  
  87  9:44  Probe  
  89  9:48  Probe  
  89  9:49  Colossus (Chrono Boost)  
  91  9:54  Probe  
  91  9:56  Probe  
  99  10:02  Probe (Chrono Boost)  
  99  10:06  Pylon  
  101  10:08  Probe (Chrono Boost)  
  101  10:10  Probe (Chrono Boost)  
  103  10:18  Probe (Chrono Boost)  
  103  10:19  Probe (Chrono Boost)  
  101  10:21  Probe (Chrono Boost)  
  101  10:23  Probe (Chrono Boost)  
  101  10:24  Stalker x3  
  101  10:25  Probe  
  107  10:30  Probe  
  107  10:35  Probe (Chrono Boost)  
  107  10:37  Probe (Chrono Boost)  
  107  10:42  Extended Thermal Lance  
  109  10:43  Probe (Chrono Boost)  
  109  10:47  Probe (Chrono Boost)  
  109  10:49  Probe (Chrono Boost)  
  111  10:54  Probe (Chrono Boost)  
  111  10:55  Colossus  
  111  10:56  Probe x2 (Chrono Boost)  
  120  10:59  Probe (Chrono Boost)  
  120  11:01  Probe  
  120  11:03  Probe  
  122  11:07  Stalker x2  
  122  11:09  Probe  
  128  11:13  Probe  
  128  11:14  Assimilator  
  128  11:15  Probe  
  130  11:21  Probe  
  130  11:23  Templar Archives  
  132  11:25  Probe  
  132  11:27  Probe  
  132  11:28  Colossus  
  132  11:32  Pylon  
  139  11:33  Shield Battery  
  139  11:36  Stalker  
  141  11:48  Stalker  
  141  11:52  Stalker  
  141  11:53  Stalker x3  
  138  12:03  Probe x2  
  138  12:06  Colossus  
  146  12:20  Pylon  
  146  12:30  Stalker  
  148  12:38  High Templar x2, Pylon  
  148  12:39  Charge (Chrono Boost)  
  148  12:40  Pylon  
  152  12:46  Archon  
  152  12:47  Gateway  
  152  12:49  Gateway  
  152  12:56  High Templar x2  
  156  13:02  Archon  
  156  13:10  Nexus  
  156  13:11  Pylon  
  156  13:13  High Templar x2  
  160  13:20  Archon  
  160  13:21  Stalker x2  
  160  13:25  Pylon  
  163  13:28  Pylon  
  163  13:36  Adept x2  
  162  13:45  High Templar  
  162  13:46  Zealot, High Templar  
  162  13:47  Zealot x3  
  170  13:52  Archon  
  170  13:58  Probe, Pylon  
  169  14:04  Observer  
  169  14:06  Disruptor  
  169  14:09  Stalker x4  
  172  14:14  Probe, Pylon  
  172  14:16  Probe x2  
  172  14:17  Pylon  
  175  14:21  High Templar x2  
  180  14:24  Observer  
  180  14:27  Archon  
  180  14:33  Zealot x2, Stalker x2  
  180  14:37  Stalker x2  
  180  14:38  Observer  
  184  15:00  Adept x2  
  184  15:01  Adept x2  
Show
View Real Time Build Order
Export as new Build Order

PtitDrogo Protoss - Winner!

Build Orders: Phoenix Opening, Carriers, Zealot Archon 

Get SALT Encoding   

  12  0:00  Probe  
  13  0:12  Probe  
  14  0:17  Pylon  
  14  0:24  Probe (Chrono Boost)  
  15  0:36  Probe (Chrono Boost)  
  15  0:37  Gateway  
  16  0:44  Probe (Chrono Boost)  
  16  0:46  Assimilator  
  17  0:51  Probe  
  18  0:57  Assimilator  
  18  1:03  Probe (Chrono Boost)  
  19  1:08  Gateway  
  19  1:14  Probe (Chrono Boost)  
  20  1:18  Probe (Chrono Boost)  
  21  1:26  Cybernetics Core  
  21  1:29  Probe  
  22  1:36  Pylon  
  22  1:41  Probe  
  23  1:54  Probe  
  24  2:02  Warp Gate, Sentry, Stalker  
  28  2:11  Pylon  
  28  2:14  Probe  
  31  2:30  Probe  
  32  2:38  Phoenix  
  32  2:42  Probe  
  31  2:52  Nexus  
  31  2:54  Probe (Chrono Boost)  
  31  2:57  Robotics Facility  
  32  2:59  Sentry  
  32  3:00  Sentry  
  37  3:06  Probe (Chrono Boost)  
  37  3:09  Pylon  
  37  3:12  Probe (Chrono Boost)  
  38  3:20  Probe  
  39  3:32  Shield Battery  
  39  3:33  Probe  
  40  3:34  Phoenix  
  40  3:45  Probe  
  45  3:53  Observer (Chrono Boost), Stalker x2  
  46  3:56  Pylon  
  46  3:58  Probe  
  47  4:04  Probe  
  48  4:10  Immortal (Chrono Boost), Probe  
  48  4:14  Shield Battery  
  53  4:17  Probe  
  53  4:22  Probe  
  53  4:23  Phoenix  
  55  4:28  Forge  
  55  4:29  Probe  
  56  4:34  Probe  
  57  4:41  Probe (Chrono Boost)  
  57  4:44  Observer  
  57  4:45  Nexus  
  58  4:51  Immortal (Chrono Boost)  
  63  4:55  Probe (Chrono Boost)  
  63  4:57  Probe (Chrono Boost)  
  64  5:00  Pylon  
  64  5:02  Protoss Ground Weapons Level 1 (Chrono Boost)  
  64  5:03  Probe (Chrono Boost)  
  64  5:06  Probe (Chrono Boost)  
  66  5:10  Probe  
  67  5:16  Probe  
  67  5:17  Assimilator  
  68  5:21  Shield Battery  
  68  5:22  Probe  
  68  5:27  Immortal (Chrono Boost)  
  69  5:28  Probe  
  69  5:30  Twilight Council  
  69  5:34  Probe  
  71  5:43  Probe  
  71  5:46  Probe  
  72  5:54  Gateway  
  72  5:55  Probe, Gateway  
  73  5:57  Gateway  
  73  5:58  Gateway, Probe  
  73  5:59  Probe  
  73  6:03  Observer (Chrono Boost)  
  76  6:07  Probe (Chrono Boost)  
  76  6:09  Charge  
  76  6:10  Probe (Chrono Boost)  
  78  6:11  Templar Archives  
  78  6:17  Pylon  
  79  6:19  Probe (Chrono Boost)  
  79  6:20  Probe (Chrono Boost)  
  79  6:22  Probe (Chrono Boost)  
  79  6:24  Assimilator  
  81  6:26  Pylon  
  81  6:29  Probe (Chrono Boost), Assimilator  
  82  6:38  Probe x2  
  84  6:40  Gateway  
  84  6:43  Gateway, Assimilator  
  85  6:47  Probe  
  85  6:48  High Templar x2  
  85  6:49  Zealot x2  
  85  6:52  Probe x2  
  85  6:53  Archon  
  95  6:56  Shield Battery  
  95  6:59  Probe  
  95  7:00  Shield Battery  
  96  7:05  High Templar  
  96  7:06  High Templar  
  100  7:11  Probe x2  
  100  7:12  Archon  
  100  7:14  Phoenix, Zealot x2  
  106  7:16  Pylon  
  106  7:18  Protoss Ground Weapons Level 2 (Chrono Boost)  
  106  7:19  Pylon  
  106  7:20  Warp Prism (Chrono Boost)  
  106  7:24  Observer  
  106  7:28  Observer  
  109  7:30  Probe  
  109  7:33  Gateway  
  109  7:34  Gateway  
  109  7:35  Pylon  
  109  7:36  High Templar  
  109  7:37  High Templar, Pylon  
  111  7:38  Zealot  
  111  7:41  Archon  
  115  7:54  Zealot x5  
  125  8:00  Stargate  
  125  8:01  Stargate  
  125  8:02  Probe x2  
  125  8:03  Probe  
  128  8:16  Pylon  
  128  8:29  Zealot x6  
  128  8:34  Protoss Air Weapons Level 1, Pylon  
  140  8:39  Pylon x2  
  130  8:52  Phoenix x2 (Chrono Boost)  
  108  8:56  Probe  
  108  8:58  Zealot x6  
  108  8:59  Zealot x4, Observer  
  121  9:08  Phoenix x2 (Chrono Boost)  
  121  9:20  High Templar x2  
  121  9:21  High Templar x2  
  129  9:25  Archon x2, Pylon  
  129  9:30  Phoenix x2 (Chrono Boost)  
  133  9:35  Nexus  
  133  9:43  High Templar  
  135  9:46  High Templar  
  135  9:48  Phoenix x2  
  135  9:50  Protoss Ground Weapons Level 3 (Chrono Boost)  
  135  9:52  Archon  
  141  9:57  Probe x2  
  141  10:03  Probe  
  142  10:09  Probe x2  
  142  10:10  Assimilator  
  142  10:13  Assimilator  
  144  10:15  Probe  
  144  10:21  Probe  
  146  10:23  Probe  
  146  10:27  Immortal (Chrono Boost), Probe  
  154  10:40  Photon Cannon  
  154  10:41  Photon Cannon  
  154  10:43  Shield Battery  
  154  10:48  Phoenix x2  
  154  10:49  Fleet Beacon  
  152  10:57  Immortal (Chrono Boost)  
  156  11:10  Stargate  
  156  11:18  Photon Cannon  
  156  11:19  Photon Cannon  
  156  11:23  Photon Cannon  
  156  11:25  Immortal (Chrono Boost)  
  156  11:29  Carrier x2 (Chrono Boost)  
  156  11:30  Pylon  
  170  11:59  Protoss Air Weapons Level 2 (Chrono Boost)  
  170  12:00  Mothership (Chrono Boost)  
  176  12:04  Carrier (Chrono Boost)  
  182  12:12  Immortal  
  182  12:13  Carrier (Chrono Boost)  
  186  12:15  Nexus  
  186  12:17  Pylon  
  196  12:35  Carrier (Chrono Boost)  
  196  12:44  Photon Cannon  
  196  12:45  Photon Cannon x2  
  196  12:46  Photon Cannon  
  196  12:47  Shield Battery  
  196  12:48  Protoss Ground Armor Level 1  
  196  12:50  Photon Cannon  
  196  12:51  Shield Battery  
  196  13:03  Shield Battery  
  196  13:06  Pylon  
  196  13:09  Photon Cannon  
  196  13:11  Carrier (Chrono Boost), Photon Cannon  
  195  13:13  Photon Cannon  
  195  13:14  Shield Battery  
  195  13:16  Pylon  
  195  13:20  Zealot x2  
  195  13:54  Assimilator  
  183  13:56  Assimilator  
  183  14:07  Carrier (Chrono Boost)  
  191  14:12  Carrier x2 (Chrono Boost)  
  189  14:34  Nexus, Pylon  
  189  14:35  Photon Cannon  
  189  14:36  Photon Cannon  
  189  14:37  Shield Battery  
  198  15:08  Stalker x2  
  198  15:09  Zealot x4  
  182  15:24  Stalker x4  
Tags
 
Add a new tag
Caveats
  • Supply blocks, unpowered buildings, or Contaminate may cause inaccurate times.
  • Supply counts are checked every 10 seconds.